Map: Oxide LE

Players

soul - Winner!

  • Race: Terran Terran

Trap

  • Race: Protoss Protoss

Event: TSL 7

VOD

Have the link to the VOD?

Description

Time

  • Played on: June 13, 2021, 8:24 a.m.
  • Length: 15:28

All games in this series

Show
View Real Time Build Order
Export as new Build Order

soul Terran - Winner!

Build Orders:  

Get SALT Encoding   

  12  0:00  SCV  
  13  0:12  SCV  
  14  0:17  Supply Depot  
  14  0:24  SCV  
  15  0:38  SCV  
  15  0:40  Barracks  
  16  0:44  Refinery  
  16  0:50  SCV  
  17  1:03  SCV  
  18  1:15  SCV  
  19  1:26  Marine  
  19  1:27  Orbital Command  
  20  1:42  Command Center  
  20  1:53  SCV, Factory  
  21  2:02  Supply Depot  
  21  2:05  Barracks Reactor, SCV  
  22  2:10  Refinery  
  22  2:17  SCV  
  23  2:29  SCV  
  26  2:37  Widow Mine  
  26  2:41  Marine x2  
  26  2:42  Starport  
  28  2:45  SCV  
  29  2:57  SCV  
  32  2:58  Widow Mine, Orbital Command  
  32  2:59  Marine x2  
  34  3:09  SCV  
  35  3:17  Marine x2  
  35  3:18  Medivac  
  41  3:20  Widow Mine  
  41  3:21  SCV  
  41  3:25  SCV  
  43  3:29  Armory  
  43  3:33  Supply Depot  
  43  3:36  SCV  
  43  3:38  SCV  
  43  3:39  Marine  
  46  3:42  Factory Tech Lab  
  46  3:50  Supply Depot  
  46  3:54  SCV x2, Marine  
  49  3:58  Engineering Bay  
  49  4:03  Marine  
  49  4:06  SCV x2  
  52  4:12  Marine  
  52  4:15  Thor  
  59  4:18  SCV  
  59  4:20  Marine, Supply Depot  
  62  4:30  Marine, Missile Turret  
  62  4:35  Medivac  
  62  4:37  Missile Turret  
  57  4:38  Marine  
  55  4:46  Missile Turret  
  55  4:47  Marine  
  55  4:50  SCV x2  
  58  4:56  Marine  
  57  5:02  SCV x2  
  57  5:05  Marine  
  56  5:14  SCV x2, Marine  
  56  5:17  Supply Depot  
  59  5:23  Marine  
  59  5:26  SCV  
  59  5:27  SCV  
  60  5:30  Viking  
  60  5:32  Marine  
  63  5:39  SCV x2  
  63  5:41  Marine  
  57  5:50  Marine  
  57  5:51  SCV x2  
  60  5:59  Marine  
  60  6:03  SCV x2  
  61  6:07  Marine  
  56  6:15  SCV  
  56  6:16  Marine  
  55  6:25  Marine  
  54  6:26  Starport Tech Lab  
  54  6:28  Siege Tank  
  54  6:31  Bunker  
  54  6:32  SCV  
  58  6:34  Marine  
  58  6:39  Missile Turret  
  60  6:43  Marine  
  60  6:46  Banshee  
  63  6:50  SCV  
  63  6:51  SCV  
  63  6:52  Marine  
  66  7:02  SCV  
  66  7:03  Supply Depot  
  66  7:04  SCV  
  68  7:10  Siege Tank  
  68  7:14  SCV, Supply Depot  
  72  7:16  SCV, Marine  
  72  7:22  Marine  
  75  7:31  Banshee  
  75  7:33  SCV  
  75  7:34  SCV  
  78  7:45  SCV  
  78  7:47  SCV  
  78  7:49  Supply Depot  
  80  7:57  SCV  
  80  7:58  Command Center  
  81  8:02  SCV  
  82  8:06  Barracks x2, Siege Tank  
  82  8:09  SCV  
  86  8:18  SCV  
  87  8:21  SCV  
  87  8:24  Marine  
  87  8:25  Marine  
  89  8:30  SCV  
  89  8:34  SCV  
  88  8:35  Barracks, Starport Reactor  
  88  8:38  Refinery  
  88  8:39  Refinery  
  88  8:42  SCV, Marine, Terran Infantry Weapons Level 1  
  88  8:43  Marine  
  88  8:46  SCV  
  88  8:47  Engineering Bay  
  92  8:54  SCV, Barracks  
  93  8:58  SCV  
  94  9:06  SCV  
  94  9:07  Marine  
  94  9:10  SCV, Barracks Tech Lab  
  94  9:12  Marine  
  94  9:14  Orbital Command  
  94  9:16  Barracks Tech Lab  
  95  9:18  SCV  
  95  9:22  Siege Tank  
  93  9:24  Marine  
  93  9:29  Marine  
  92  9:35  Marine x2  
  92  9:37  SCV x2  
  95  9:41  Starport Reactor  
  95  9:42  Marine  
  95  9:43  Marine  
  97  9:46  Bunker  
  97  9:47  Barracks Tech Lab, Bunker, Marine  
  97  9:49  SCV  
  97  9:50  Bunker, Marine  
  97  9:51  Missile Turret  
  101  9:52  SCV  
  101  9:53  Marine  
  101  9:54  Marauder  
  104  10:00  Marine  
  104  10:01  Terran Infantry Armor Level 1, SCV  
  104  10:03  Marine  
  104  10:04  SCV  
  108  10:07  Orbital Command  
  108  10:12  Missile Turret  
  108  10:13  SCV  
  109  10:17  SCV  
  109  10:18  Marine  
  111  10:24  Marauder, Marine  
  111  10:25  Marine  
  111  10:26  SCV, Marine  
  115  10:30  Medivac x2  
  115  10:35  Marine  
  112  10:44  Marine x3  
  112  10:53  Marine  
  112  10:54  Marine  
  108  10:58  Barracks x2  
  108  10:59  Barracks  
  108  11:00  Medivac, Missile Turret  
  108  11:02  Marine x2  
  105  11:12  Marine  
  105  11:13  Siege Tank  
  97  11:19  Marine  
  97  11:20  Marine  
  97  11:22  SCV  
  97  11:25  SCV x2  
  98  11:29  Barracks Tech Lab  
  97  11:33  Viking  
  97  11:34  SCV  
  97  11:37  Marine x2  
  102  11:43  Barracks Tech Lab  
  102  11:45  Barracks  
  102  11:46  Barracks, Command Center  
  102  11:47  SCV x3  
  99  11:50  Barracks Tech Lab  
  99  11:51  Stimpack  
  99  11:53  Barracks Tech Lab  
  95  11:55  Marine x2  
  95  11:57  Barracks Reactor  
  95  11:59  SCV  
  95  12:00  Marine  
  97  12:01  Missile Turret  
  97  12:03  Combat Shield  
  97  12:05  Starport Reactor  
  97  12:06  SCV x2  
  99  12:11  Refinery, Factory Reactor  
  99  12:12  Refinery  
  99  12:13  Marine x2  
  99  12:14  Terran Infantry Weapons Level 2  
  101  12:19  SCV  
  101  12:20  SCV  
  103  12:23  Marine  
  103  12:24  Marauder, Marine  
  103  12:25  Marauder  
  109  12:32  Marine x2  
  109  12:35  Marine  
  108  12:39  Marine x3  
  108  12:42  Marauder  
  108  12:43  Marauder  
  115  12:45  Marine  
  115  12:46  Marine  
  115  12:48  Terran Infantry Armor Level 2  
  117  12:51  Supply Depot  
  117  12:53  SCV x2, Supply Depot  
  117  12:54  Widow Mine x2  
  117  12:58  Medivac x2  
  127  13:05  Marine x2, Ghost Academy  
  128  13:07  Marine  
  128  13:12  Marine x5  
  131  13:13  Marine  
  131  13:15  Widow Mine, Marine  
  128  13:23  Marine x2  
  128  13:24  Marine  
  128  13:29  Marine  
  128  13:30  Marine x4  
  128  13:31  Marine, Concussive Shells  
  128  13:33  Marine  
  131  13:35  Medivac  
  131  13:38  Widow Mine  
  131  13:40  Marine  
  136  13:41  Marine  
  136  13:42  Marine  
  136  13:43  SCV x3  
  139  13:50  Ghost  
  140  13:55  SCV x3  
  140  13:59  Planetary Fortress  
  140  14:00  Marine  
  144  14:04  Missile Turret  
  144  14:06  Ghost  
  144  14:07  SCV  
  144  14:09  Marine  
  147  14:10  SCV  
  147  14:14  Marine x2  
  147  14:15  Marine  
  151  14:17  SCV  
  151  14:20  Marine x2  
  151  14:22  Marine  
  155  14:28  Marine  
  155  14:34  Marine  
  156  14:41  Marine x3  
  156  14:42  Marine  
  156  14:44  Marine  
  148  14:46  Marine, Medivac x2  
  148  14:47  Marine x3  
  155  14:59  Widow Mine  
  156  15:06  Marine x2  
  156  15:07  Marine x2  
  156  15:09  Marine x3  
Show
View Real Time Build Order
Export as new Build Order

Trap Protoss 

Build Orders: 1 Gate Expand, Zealot Archon, Dark Templar Rush 

Get SALT Encoding   

  12  0:00  Probe  
  13  0:12  Probe  
  14  0:19  Pylon  
  14  0:24  Probe  
  15  0:37  Probe (Chrono Boost)  
  15  0:39  Gateway  
  16  0:46  Probe (Chrono Boost), Assimilator  
  17  0:51  Probe (Chrono Boost)  
  18  1:03  Probe  
  19  1:15  Probe  
  20  1:26  Cybernetics Core  
  20  1:33  Nexus  
  20  1:40  Pylon  
  20  1:42  Probe  
  21  1:48  Assimilator  
  21  1:55  Probe  
  21  1:59  Adept (Chrono Boost)  
  22  2:02  Warp Gate  
  22  2:07  Probe  
  25  2:19  Probe  
  25  2:20  Twilight Council  
  26  2:25  Adept  
  28  2:31  Probe  
  30  2:44  Robotics Facility  
  30  2:46  Probe (Chrono Boost)  
  30  2:48  Probe (Chrono Boost)  
  31  2:55  Probe (Chrono Boost)  
  31  2:57  Probe (Chrono Boost)  
  33  3:00  Probe  
  33  3:02  Gateway  
  34  3:07  Probe  
  34  3:12  Dark Shrine  
  35  3:13  Probe  
  36  3:21  Gateway  
  36  3:25  Probe  
  36  3:26  Probe  
  38  3:33  Warp Prism (Chrono Boost)  
  38  3:39  Probe  
  38  3:40  Probe  
  42  3:44  Pylon  
  42  3:50  Stalker  
  42  3:52  Probe  
  42  3:53  Probe  
  46  4:00  Assimilator  
  46  4:03  Assimilator  
  46  4:04  Pylon  
  46  4:06  Probe x2 (Chrono Boost)  
  48  4:18  Probe (Chrono Boost)  
  50  4:24  Probe (Chrono Boost)  
  50  4:26  Dark Templar x2  
  50  4:28  Dark Templar  
  53  4:39  Observer (Chrono Boost)  
  53  4:45  Probe x2  
  51  4:55  Pylon  
  51  5:03  Probe x2, Immortal (Chrono Boost)  
  48  5:12  Shield Battery  
  45  5:17  Zealot  
  47  5:35  Probe (Chrono Boost)  
  53  5:37  Probe (Chrono Boost)  
  53  5:43  Probe (Chrono Boost)  
  53  5:44  Immortal  
  53  5:46  Probe (Chrono Boost)  
  53  5:51  Archon  
  53  5:53  Dark Templar  
  53  5:55  Zealot, Dark Templar  
  53  5:56  Probe  
  58  6:09  Pylon  
  44  6:11  Probe x2  
  46  6:26  Probe (Chrono Boost)  
  46  6:31  Immortal  
  46  6:32  Probe (Chrono Boost)  
  48  6:34  Pylon  
  48  6:36  Probe (Chrono Boost)  
  50  6:40  Probe (Chrono Boost)  
  50  6:41  Probe (Chrono Boost)  
  50  6:45  Shield Battery  
  51  6:48  Dark Templar  
  51  6:50  Probe  
  51  6:53  Probe  
  55  6:57  Charge  
  55  7:00  Stalker  
  57  7:06  Stalker  
  60  7:10  Probe (Chrono Boost)  
  60  7:12  Probe (Chrono Boost)  
  60  7:14  Observer  
  60  7:15  Observer  
  62  7:18  Pylon  
  62  7:21  Probe (Chrono Boost)  
  64  7:23  Probe (Chrono Boost)  
  64  7:27  Probe  
  63  7:30  Stalker x2  
  63  7:33  Probe  
  68  7:39  Probe  
  69  7:45  Probe  
  69  7:50  Pylon  
  70  7:51  Probe  
  70  7:53  Dark Templar x2  
  70  7:56  Stalker  
  70  7:57  Probe, Archon  
  78  8:08  Probe  
  78  8:09  Probe  
  77  8:22  Stalker  
  77  8:24  Probe (Chrono Boost)  
  68  8:30  Probe (Chrono Boost)  
  68  8:34  Probe (Chrono Boost)  
  68  8:38  Probe (Chrono Boost)  
  68  8:39  Probe (Chrono Boost), Nexus  
  70  8:42  Observer (Chrono Boost)  
  71  8:48  Probe  
  71  8:52  Gateway  
  71  8:53  Gateway  
  71  8:54  Gateway  
  72  8:56  Gateway  
  72  8:58  Dark Templar  
  71  9:04  Probe x2  
  65  9:10  Stalker  
  65  9:12  Stalker  
  62  9:22  Probe (Chrono Boost)  
  61  9:27  Probe (Chrono Boost)  
  58  9:31  Probe (Chrono Boost)  
  58  9:35  Probe (Chrono Boost)  
  58  9:36  Probe (Chrono Boost)  
  60  9:46  Probe  
  60  9:50  Dark Templar x2  
  60  9:51  Dark Templar  
  67  9:58  Dark Templar, Sentry  
  71  10:00  Sentry  
  71  10:01  Archon  
  71  10:02  Archon  
  73  10:07  Probe x2 (Chrono Boost)  
  73  10:08  Probe (Chrono Boost)  
  76  10:19  Probe x2 (Chrono Boost)  
  76  10:20  Probe (Chrono Boost)  
  79  10:25  Probe x2 (Chrono Boost)  
  79  10:26  Probe (Chrono Boost)  
  82  10:33  Probe x2  
  82  10:34  Probe  
  85  10:39  Dark Templar x2  
  85  10:40  Zealot x2  
  93  10:45  Probe, Sentry  
  93  10:48  Zealot  
  94  11:03  Probe  
  94  11:04  Probe x2  
  91  11:09  Zealot x3, Immortal (Chrono Boost)  
  91  11:10  Zealot  
  91  11:15  Zealot  
  77  11:38  Immortal (Chrono Boost)  
  63  11:43  Zealot x6  
  77  12:06  Dark Templar x2  
  81  12:09  Warp Prism (Chrono Boost)  
  81  12:10  Zealot x4  
  81  12:12  Probe x2  
  81  12:13  Forge  
  91  12:23  Pylon  
  86  12:38  Nexus  
  86  12:39  Archon  
  86  12:41  Dark Templar x2  
  86  12:43  Protoss Ground Weapons Level 1 (Chrono Boost)  
  90  12:44  Dark Templar  
  90  12:46  Archon  
  90  12:47  Zealot x3  
  98  12:56  Observer (Chrono Boost)  
  98  12:57  Probe x2  
  98  12:58  Probe  
  102  13:04  Pylon  
  102  13:15  Probe x3  
  101  13:20  Warp Prism (Chrono Boost)  
  101  13:24  Zealot x4  
  101  13:25  Zealot  
  95  13:35  Dark Templar  
  95  13:38  Gateway  
  95  13:39  Gateway  
  95  13:49  Immortal (Chrono Boost)  
  95  13:51  Dark Templar  
  95  13:52  Dark Templar  
  101  13:58  Sentry  
  101  13:59  Archon  
  101  14:00  Dark Templar  
  105  14:02  Zealot  
  105  14:04  Pylon  
  105  14:07  Pylon  
  105  14:10  Archon  
  105  14:12  Zealot  
  107  14:23  Immortal (Chrono Boost), Dark Templar  
  107  14:24  Zealot x3  
  115  14:29  Zealot  
  120  14:38  Zealot, Dark Templar  
  110  14:40  Zealot  
  112  14:49  Dark Templar  
  112  14:50  Zealot x3  
  96  15:15  Zealot  
Tags
 
Add a new tag
Caveats
  • Supply blocks, unpowered buildings, or Contaminate may cause inaccurate times.
  • Supply counts are checked every 10 seconds.